 Dungeon Crawl Stone Soup version 0.27-a0-334-g52645efa06 (webtiles) character file.

Game seed: 12414523664358866007

4567 dickylongcocking the Swashbuckler (level 10, -4/53 (56) HPs)
             Began as a Kobold Chaos Knight on Feb 14, 2021.
             Was a Believer of Ashenzari.
             Slain by an orc warrior
             ... wielding a +2 long sword of chaos
              (10 damage)
             ... on level 8 of the Dungeon.
             The game lasted 00:08:40 (9506 turns).

dickylongcocking the Swashbuckler (KoCK)            Turns: 9506, Time: 00:08:41

HP:   -4/53 (56)    AC:  5    Str: 13      XL:     10   Next: 67%
MP:   10/10         EV: 19    Int: 20      God:    Ashenzari [**....]
Gold: 289           SH:  0    Dex: 17 (18) Spells: 9/9 levels left

rFire    . . .     SeeInvis .   n - +4 dagger (elec)
rCold    . . .     Faith    .   (shield restricted)
rNeg     . . .     Spirit   .   b - +2 leather armour
rPois    .         Reflect  .   (helmet restricted)
rElec    .         Harm     .   s - +0 cloak
rCorr    .         Rampage  .   d - +0 pair of gloves
Will     .....     Rnd*Tele +   (no boots)
Stlth    +++++++...             (no amulet)
HPRegen  0.17/turn              x - +4 ring of evasion
MPRegen  0.12/turn              v - +6 ring of intelligence

@: drained
A: small, horns 1, thin skeletal structure 1, agile 1, blurry vision 2, deformed
body, deterioration 1, nightstalker 3, screaming 1, teleportitis 1
a: Renounce Religion, Curse Item, Scrying


You were on level 8 of the Dungeon.
You worshipped Ashenzari.
Ashenzari was pleased with you.
You visited 2 branches of the dungeon, and saw 9 of its levels.
You also visited: Ossuary.

You collected 446 gold pieces.
You spent 157 gold pieces at shops.

Inventory:

Hand Weapons
 a - a +0 short sword of chaos
 h - a +2 whip of chaos
 n - a +4 dagger of electrocution (weapon)
Armour
 b - a +2 leather armour (worn)
 d - a +0 pair of gloves (worn)
 f - a +0 troll leather armour
 s - a +0 cloak (worn)
Jewellery
 q - a ring of protection from fire
 v - a +6 ring of intelligence (right hand)
 x - a +4 ring of evasion (left hand)
Wands
 p - a wand of polymorph (9)
 r - a wand of acid (1)
Scrolls
 c - 4 scrolls of enchant armour
 e - 11 scrolls of identify
 g - 3 scrolls of amnesia
 k - a scroll of immolation
 l - 4 scrolls of teleportation
 w - 2 scrolls of blinking
 y - a scroll of fog
 z - a scroll of magic mapping
Potions
 i - a potion of magic
 j - 5 potions of curing
 m - 3 potions of attraction
 o - a potion of resistance
 t - 2 potions of haste
 u - 2 potions of might
 B - a potion of brilliance


   Skills:
 * Level 3.7 Fighting
 - Level 15.6 Short Blades
 - Level 0.7 Armour
 * Level 3.0 Dodging
 * Level 11.0 Stealth


You had 9 spell levels left.
You didn't know any spells.
Your spell library was empty.

Dungeon Overview and Level Annotations

Branches:
Dungeon (8/15)             Temple (1/1) D:6         Ossuary (visited)
   Lair: D:8-11

Altars:
Ashenzari
Cheibriados
Dithmenos
Elyvilon
Fedhas
Hepliaklqana
Kikubaaqudgha
Makhleb
Nemelex Xobeh
Okawaru
Qazlal
Ru
Sif Muna
Trog
Uskayaw
Vehumet
Wu Jian
Xom
Yredelemnul
Zin
The Shining One

Shops:
D:7 *


Innate Abilities, Weirdness & Mutations

You are small and have problems with some larger weapons.
You are completely attuned to the shadows.
You have a pair of small horns on your head.
You have a somewhat thin skeletal structure. (Dex +2, Stealth)
You are agile. (Dex +2)
Scrolls take you longer to read.
Armour fits poorly on your strangely shaped body.
Your body sometimes deteriorates upon taking damage.
You occasionally shout uncontrollably at your foes.
You are occasionally teleported next to monsters.


Message History

Lightning courses through the orc priest!!
You kill the orc priest!
Your Stealth skill increases to level 11!
The orc priest hits you with a +0 hand axe.
Items here: ))) [[ †.
You barely miss the orc priest. The orc warrior misses you.
You hit the orc priest.
Lightning courses through the orc priest!
You kill the orc priest!
You see here a +0 hand axe.
You hit the orc warrior.
Lightning courses through the orc warrior!
The orc warrior is severely wounded.
You hit the orc warrior but do no damage.
The orc warrior is severely wounded.
The orc warrior misses you.
You hit the orc warrior but do no damage.
The orc warrior is severely wounded.
You barely miss the orc warrior.
The orc warrior is severely wounded.
The orc warrior hits you with a +2 long sword of chaos!
* * * LOW HITPOINT WARNING * * *
You hit the orc warrior but do no damage.
Your headbutt misses the orc warrior.
The orc warrior is severely wounded.
You hit the orc warrior but do no damage.
The orc warrior is severely wounded.
The orc warrior hits you with a +2 long sword of chaos!
* * * LOW HITPOINT WARNING * * *
You feel drained.
* * * LOW HITPOINT WARNING * * *
Okay, then.
Okay, then.
Okay, then.
Really read with blurry vision while enemies are nearby?
Okay, then.
Found a stone staircase leading down.
There is a stone staircase leading up here.
The orc warrior hits you with a +2 long sword of chaos!
You die...

############ ##########
#####..))....... .........#######
#.....###....... ...............#
#.#.####........ ..[.......####.#
#.#............. .....)....#
#.###.#.####........
..........####.#@#.#.# #........
...[.............o.#.####........
........^..................>#
.........###.#.....#.####,*
....(....# #.####.##.# , *
.........# #.####.##.#### , *
########## #......##....#####.#
#################.##....#...#..
.............# #†##...........


You could see an orc warrior.

Vanquished Creatures
  Pikel (D:6)
  A troll (D:7)
  Prince Ribbit (D:6)
  5 yaks (D:8)
  2 orc warriors
  2 sky beasts
  An ice beast (D:6)
  3 ogres
  3 centaurs
  2 lemures (D:6)
  3 bullfrogs
  A gnoll sergeant (D:8)
  A wyvern zombie (D:8)
  4 water moccasin zombies (Ossuary)
  4 scorpions
  A water moccasin skeleton (D:3)
  A centaur zombie (D:7)
  3 bullfrog zombies
  3 hounds
  4 orc priests
  A jelly (D:8)
  A bullfrog skeleton (D:5)
  4 iguanas
  Jessica (D:3)
  Ijyb (D:4)
  Natasha (thrice) (D:2)
  8 orc wizards
  6 worker ants
  2 mummies (Ossuary)
  Robin (D:2)
  5 adders
  8 gnolls (D:8)
  2 white imps
  An ufetubus (D:6)
  An ooze (D:3)
  6 adder zombies (Ossuary)
  An adder skeleton (D:7)
  4 worms
  A dart slug (D:2)
  8 leopard geckos
  20 orcs
  A gnoll zombie (Ossuary)
  12 hobgoblins
  12 jackals
  6 quokkas
  6 bats
  4 frilled lizards
  12 goblins
  4 hobgoblin zombies (Ossuary)
  14 kobolds
  4 kobold zombies (Ossuary)
  A leopard gecko skeleton (D:8)
  6 orc zombies (Ossuary)
  5 rats
218 creatures vanquished.

Vanquished Creatures (others)
  An orc wizard (D:5)
  An orc (D:5)
  A quokka (D:6)
3 creatures vanquished.

Grand Total: 221 creatures vanquished

Notes
Turn   | Place    | Note
-------+----------+-------------------------------------------
     0 | D:1      | dickylongcocking the Kobold Chaos Knight began the quest
                  | for the Orb.
     0 | D:1      | Reached XP level 1. HP: 14/14 MP: 1/1
   289 | D:1      | Reached XP level 2. HP: 19/19 MP: 2/2
   330 | D:1      | Reached skill level 5 in Short Blades
   586 | D:1      | XOM: divination: detect creatures
   588 | D:1      | Reached XP level 3. HP: 19/23 MP: 3/3
   719 | D:1      | XOM: divination: detect creatures
   820 | D:2      | Noticed Natasha
   827 | D:2      | XOM: butterfly on damage
   836 | D:2      | Killed Natasha
   837 | D:2      | Reached skill level 6 in Short Blades
   837 | D:2      | Reached XP level 4. HP: 10/28 MP: 4/4
   845 | D:2      | Noticed Natasha
   846 | D:2      | XOM: chaos upgrade
  1037 | D:2      | Killed Natasha
  1084 | D:2      | Noticed Robin
  1091 | D:2      | XOM: chaos cloud
  1101 | D:2      | Killed Robin
  1102 | D:2      | Reached skill level 7 in Short Blades
  1102 | D:2      | Reached XP level 5. HP: 14/32 MP: 5/5
  1104 | D:2      | XOM: give mutations
  1104 | D:2      | Gained mutation: Scrolls take you a little longer to read.
                  | [Xom's mischief]
  1104 | D:2      | Gained mutation: Your mind is acute. (Int +2) [Xom's
                  | mischief]
  1135 | D:2      | XOM: polymorph goblin -> dart slug
  1342 | D:2      | Found a glowing golden altar of the Shining One.
  1458 | D:2      | Found a faded altar of an unknown god.
  1501 | D:2      | Found a sparkling altar of Nemelex Xobeh.
  1503 | D:2      | Found a blossoming altar of Fedhas.
  1504 | D:2      | Found a broken altar of Ashenzari.
  1509 | D:2      | Found a bloodstained altar of Trog.
  1703 | D:2      | Noticed Natasha
  1729 | D:2      | Killed Natasha
  1779 | D:2      | XOM: summons 2 hostile demons
  1838 | D:2      | XOM: 1-stop teleportation journey
  2051 | D:2      | XOM: 1-stop teleportation journey
  2199 | D:2      | Fell from the grace of Xom
  2199 | D:2      | Became a worshipper of Ashenzari the Shackled
  2427 | D:3      | Reached skill level 8 in Short Blades
  2427 | D:3      | Reached XP level 6. HP: 37/37 MP: 6/6
  2473 | D:3      | Noticed Jessica
  2481 | D:3      | Killed Jessica
  2688 | D:3      | XOM: give mutations
  2688 | D:3      | Gained mutation: You are weak. (Str -2) [Xom's mischief]
  2688 | D:3      | Gained mutation: You have a somewhat thin skeletal
                  | structure. (Dex +2, Stealth) [Xom's mischief]
  2688 | D:3      | Lost mutation: Your mind is acute. (Int +2) [Xom's
                  | mischief]
  2688 | D:3      | Gained mutation: Scrolls take you longer to read. [Xom's
                  | mischief]
  2703 | D:3      | XOM: summons 1 hostile demon
  3039 | D:3      | Reached skill level 9 in Short Blades
  3050 | D:3      | Reached XP level 7. HP: 33/41 MP: 7/7
  3297 | D:4      | Found a sand-covered staircase.
  3310 | Ossuary  | Entered an ossuary
  3334 | Ossuary  | Reached skill level 10 in Short Blades
  3636 | Ossuary  | XOM: give mutation
  3636 | Ossuary  | Gained mutation: You have a pair of small horns on your
                  | head. [Xom's mischief]
  3731 | Ossuary  | Reached skill level 11 in Short Blades
  3751 | Ossuary  | Reached XP level 8. HP: 33/46 MP: 8/8
  4298 | D:4      | Reached * piety under Ashenzari
  4317 | D:4      | XOM: give mutations
  4317 | D:4      | Lost mutation: You are weak. (Str -2) [Xom's mischief]
  4317 | D:4      | Gained mutation: Your body sometimes deteriorates upon
                  | taking damage. [Xom's mischief]
  4317 | D:4      | Gained mutation: You occasionally shout uncontrollably at
                  | your foes. [Xom's mischief]
  4682 | D:4      | Noticed Ijyb
  4695 | D:4      | Killed Ijyb
  5039 | D:5      | Entered Level 5 of the Dungeon
  5106 | D:5      | Reached skill level 12 in Short Blades
  5463 | D:5      | Reached skill level 13 in Short Blades
  5463 | D:5      | Reached skill level 1 in Stealth
  5632 | D:5      | XOM: stat loss: -2 Str (9/11)
  5865 | D:6      | Noticed Pikel
  5886 | D:6      | Killed Pikel
  5887 | D:6      | Reached skill level 5 in Stealth
  5887 | D:6      | Reached XP level 9. HP: 32/51 MP: 9/9
  5948 | D:6      | Noticed Prince Ribbit
  6053 | D:6      | Found a white marble altar of Elyvilon.
  6066 | D:6      | Killed Prince Ribbit
  6067 | D:6      | Reached skill level 14 in Short Blades
  6375 | D:6      | XOM: give mutations
  6375 | D:6      | Gained mutation: You are occasionally teleported next to
                  | monsters. [Xom's mischief]
  6375 | D:6      | Lost mutation: Your body sometimes deteriorates upon taking
                  | damage. [Xom's mischief]
  6609 | D:6      | Found a staircase to the Ecumenical Temple.
  6711 | Temple   | Entered the Ecumenical Temple
  6778 | Temple   | XOM: give mutations
  6778 | Temple   | Gained mutation: Armour fits poorly on your strangely
                  | shaped body. [Xom's mischief]
  6778 | Temple   | Gained mutation: Your body sometimes deteriorates upon
                  | taking damage. [Xom's mischief]
  6996 | D:7      | Found a glowing silver altar of Zin.
  7032 | D:7      | Found Suoxziob's Assorted Antiques.
  7091 | D:7      | Bought a scroll of enchant weapon for 157 gold pieces
  7165 | D:7      | XOM: stat loss: -2 Dex (14/16)
  7518 | D:7      | XOM: noise
  7696 | D:7      | Reached XP level 10. HP: 53/56 MP: 10/10
  8356 | D:8      | XOM: give mutation
  8356 | D:8      | Gained mutation: You are agile. (Dex +2) [Xom's mischief]
  8397 | D:8      | Reached skill level 15 in Short Blades
  8456 | D:8      | Reached skill level 10 in Stealth
  9157 | D:8      | Found a shimmering altar of Xom.
  9326 | D:8      | Reached ** piety under Ashenzari
  9456 | D:8      | XOM: chaos upgrade
  9506 | D:8      | Slain by an orc warrior

Illustrated notes

Levels and vault maps discovered:
D:1:      erik_arrival_orb_chamber, layout_rooms
D:2:      layout_rooms, tso_altar, chequers_temple_overflow_minitemple,
          uniq_robin, uniq_natasha
D:3:      layout_rooms, uniq_jessica
D:4:      wander_river, layout_gridville, enter_ossuary_1, uniq_ijyb
D:5:      layout_rooms
D:6:      layout_gridville, elyvilon_altar_4, minmay_temple_entry_arrows,
          uniq_prince_ribbit1, uniq_pikel
D:7:      layout_gridville, lemuel_round_altar, serial_shops, shop,
          lemuel_old_faithful
D:8:      layout_basic, general_overflow_altar, skrybe_limestone_x, uniq_maggie
Temple:   dshaligram_water_room_temple

Skill      XL: |  1  2  3  4  5  6  7  8  9 10 |
---------------+-------------------------------+-----
Short Blades   | 5 6 7 8 9 11 13 14 15 | 15.6
Stealth        | 5 8 11 | 11.0
Dodging        | 3 |  3.0
Fighting       | |  3.7
Armour         | |  0.7

Action                   |  1- 3 |  4- 6 |  7- 9 | 10-12 || total
-------------------------+-------+-------+-------+-------++-------
Melee: Short sword       |    98 |    86 |       |       ||   184
       Whip              |       |     1 |       |       ||     1
       Dagger            |       |    88 |   310 |   129 ||   527
       Headbutt          |       |       |    33 |    20 ||    53
Evoke: Wand              |       |       |       |     7 ||     7
  Use: Scroll            |       |       |     2 |       ||     2
       Potion            |       |       |     5 |       ||     5
 Stab: Sleeping          |     1 |     2 |    17 |     8 ||    28
Armor: Leather armour    |    28 |    36 |    39 |    14 ||   117
       Skin              |       |       |     9 |       ||     9
Dodge: Dodged            |    61 |   112 |   183 |    85 ||   441

Table legend: (Time is in decaauts)
 A = Elapsed time spent in this place.
 B = Non-inter-level travel time spent in this place.
 C = Inter-level travel time spent in this place.
 D = Time resting spent in this place.
 E = Time spent auto-exploring this place.
 F = Levels seen in this place.
 G = Mean time per level.
                   A        B        C        D        E       F      G
               +--------+--------+--------+--------+--------+-----+--------+
         Total |   9256 |   8989 |    267 |   2039 |   5735 |  10 |  925.6 |
       Dungeon |   8495 |   8250 |    245 |   1957 |   5187 |   8 | 1061.9 |
        Temple |    234 |    213 |     21 |      0 |    211 |   1 |  234.0 |
       Ossuary |    526 |    526 |      0 |     82 |    337 |   1 |  526.0 |
               +--------+--------+--------+--------+--------+-----+--------+

Top non-repeatable levels by time:
     D:2: 1397 daAuts
     D:7: 1377 daAuts
     D:4: 1282 daAuts
     D:8: 1094 daAuts
     D:1: 977 daAuts
     D:6: 886 daAuts
     D:5: 739 daAuts
     D:3: 739 daAuts
 Ossuary: 526 daAuts
  Temple: 234 daAuts
